 Dungeon Crawl Stone Soup version 0.26.0-16-gc1dbca0489 (webtiles) character file.

Game seed: 305577484658143108

61 thiole the Sneak (level 4, -3/27 HPs)
             Began as an Octopode Hedge Wizard on Jan 22, 2021.
             Killed from afar by an orc wizard (9 damage)
             ... with a puff of frost
             ... on level 3 of the Dungeon.
             The game lasted 00:02:54 (1587 turns).

thiole the Sneak (Octopode Hedge Wizard)            Turns: 1587, Time: 00:02:55

Health: -3/27      AC:  3    Str:  9    XL:     4   Next: 7%
Magic:  3/9        EV: 13    Int: 17    God:
Gold:   43         SH:  0    Dex: 11    Spells: 1/9 levels left

rFire    . . .     SeeInvis .   a - +1 dagger
rCold    . . .     Faith    .   (no shield)
rNeg     . . .     Spirit   .   g - +2 hat
rPois    .         Reflect  .   (no amulet)
rElec    .         Harm     .   (no ring)
rCorr    .         Rampage  .   (no ring)
Will     .....                  (no ring)
Stlth    +++.......             (no ring)
HPRegen  0.09/turn              (no ring)
MPRegen  0.11/turn              (no ring)
                                (no ring)
                                (no ring)

@: about to teleport, flying
A: almost no armour, stealthy swim, amphibious, 8 rings, constrict 8, camouflage
1, gelatinous body 1
a: no special abilities


You were on level 3 of the Dungeon.
You visited 1 branch of the dungeon, and saw 3 of its levels.

You collected 43 gold pieces.

Inventory:

Hand Weapons
 a - a +1 dagger (weapon)
Armour
 b - a +0 hat
 g - a +2 hat (worn)
Scrolls
 c - a scroll of remove curse {unknown}
 e - a scroll of enchant weapon
Potions
 h - a potion of attraction {unknown}


   Skills:
 - Level 2.0 Dodging
 + Level 3.7 Stealth
 + Level 3.4 Spellcasting
 - Level 2.0 Conjurations
 + Level 2.0 Summonings
 - Level 1.0 Translocations
 * Level 0.1 Air Magic


You had one spell level left.
You knew the following spells:

 Your Spells              Type           Power        Failure   Level
a - Magic Dart            Conj           36%          8%          1
b - Call Imp              Summ           9%           11%         2
c - Slow                  Hex            2%           26%         2
d - Mephitic Cloud        Conj/Pois/Air  5%           36%         3

Your spell library contained the following spells:

 Spells                   Type           Power        Failure   Level
 Blink                    Tloc           N/A          17%         2
 Conjure Flame            Conj/Fire      6%           32%         3


Dungeon Overview and Level Annotations

Branches:
Dungeon (3/15)

Altars:
Qazlal


Innate Abilities, Weirdness & Mutations

You cannot wear most types of armour.
You are very stealthy in the water. (Stealth+)
You are amphibious.
You can wear up to eight rings at the same time.
You can use your tentacles to constrict eight enemies at once.
Your skin changes colour to match your surroundings (Stealth+).
Your rubbery body absorbs attacks. (AC +1, EV +1)


Message History

The orc throws a boomerang.
The weapon returns to the orc!
The orc throws a boomerang.
The boomerang hits your crimson imp.
The orc throws a boomerang.
The boomerang hits your crimson imp but does no damage.
The weapon returns to the orc!
Your crimson imp blinks!
A magic dart appears from out of thin air!
The magic dart hits you!
It was a potion of flight.
You feel very buoyant.
You fly up into the air.
The orc throws a boomerang.
The boomerang hits you.
The weapon returns to the orc!
Something hits you.
* * * LOW HITPOINT WARNING * * *
As you read the scroll of teleportation, it crumbles to dust.
You feel strangely unstable.
The orc throws a boomerang.
The boomerang barely misses you.
The weapon returns to the orc!
You hear some strange, mumbled words.
A puff of frost appears from out of thin air!
The puff of frost hits you!
You die...

#....# #
#########....# #
#............# ###
#.......#...## #..
#.......#....### #.#
#.........##...####.#
.
#.......#.####......#
.. #.........#
#####...
#.#####..{@.....#
##..
#§.5.o)..##..#..#
##...
####.o#####.##...#
##.... #..#
[.##...#####.....
#..#
.####.............
#..# )# ....#####....
#.o. #.# ##.†.# ##o.
#.)..# #.. ..#>...#


You could see 2 orcs and a friendly crimson imp (summoned).

Vanquished Creatures
  3 adders
  A worm (D:2)
  A dart slug (D:2)
  2 orcs (D:3)
  6 bats
  2 giant cockroaches
  A goblin (D:1)
  3 hobgoblins
  2 kobolds
  A quokka (D:2)
  A frilled lizard (D:2)
  5 rats (D:1)
28 creatures vanquished.

Vanquished Creatures (collateral kills)
  An orc (D:3)
1 creature vanquished.

Grand Total: 29 creatures vanquished

Notes
Turn   | Place    | Note
-------+----------+-------------------------------------------
     0 | D:1      | thiole the Octopode Hedge Wizard began the quest for the
                  | Orb.
     0 | D:1      | Reached XP level 1. HP: 11/11 MP: 4/4
   232 | D:1      | Reached XP level 2. HP: 17/17 MP: 4/6
   968 | D:2      | Reached XP level 3. HP: 21/21 MP: 7/7
  1022 | D:2      | Found a stormy altar of Qazlal.
  1069 | D:3      | HP: 1/21 [adder (4)]
  1452 | D:3      | Reached XP level 4. HP: 27/27 MP: 6/9
  1455 | D:3      | Learned a level 2 spell: Call Imp
  1458 | D:3      | Learned a level 2 spell: Slow
  1462 | D:3      | Learned a level 3 spell: Mephitic Cloud
  1587 | D:3      | Killed from afar by an orc wizard

Illustrated notes

Levels and vault maps discovered:
D:1:      giann_horns, layout_basic, serial_rivers,
          chequers_serial_rivers_large_a, chequers_serial_rivers_micro_d,
          chequers_serial_rivers_micro_b, chequers_serial_rivers_small_3
D:2:      layout_rooms, nicolae_qazlal_eye_of_the_storm, uniq_sigmund,
          uniq_robin
D:3:      layout_rooms

Skill      XL: |  1  2  3 |
---------------+----------+-----
Stealth        | 3 |  3.7
Conjurations   | 2 |  2.0
Summonings     | 2 |  2.0
Dodging        | |  2.0
Spellcasting   | |  3.4
Translocations | |  1.0
Air Magic      | |  0.1

Action                   |  1- 3 |  4- 6 || total
-------------------------+-------+-------++-------
Melee: Dagger            |    43 |     2 ||    45
       Constrict         |    10 |     1 ||    11
       Tentacles         |    10 |     1 ||    11
 Cast: Magic Dart        |    45 |     4 ||    49
       Call Imp          |       |     2 ||     2
  Use: Scroll            |     4 |     1 ||     5
       Potion            |     1 |     1 ||     2
Armor: Skin              |     6 |       ||     6
Dodge: Dodged            |    23 |     2 ||    25
